 Dungeon Crawl Stone Soup version 0.18-a0-912-g81d1dc4 (webtiles) character file.

414 dannynannady the Skirmisher (level 6, -5/56 HPs)
             Began as a Minotaur Berserker on Dec 24, 2015.
             Was a Priest of Trog.
             Killed from afar by Blork the orc (9 damage)
             ... with a puff of flame
             ... on level 4 of the Dungeon on Dec 25, 2015.
             The game lasted 00:29:52 (3612 turns).

dannynannady the Skirmisher (Minotaur Berserker)    Turns: 3612, Time: 00:29:53

Health: -5/56      AC:  7    Str: 23    XL:     6   Next: 60%
Magic:  5/5        EV: 11    Int:  4    God:    Trog [***...]
Gold:   150        SH:  0    Dex: 10    Spells: 0 memorised, 5 levels left

rFire  . . .     SeeInvis .     a - +0 hand axe {m}
rCold  . . .     Gourm    .     y - +0 scale mail
rNeg   . . .     Faith    .     (no shield)
rPois  +         Spirit   .     (helmet restricted)
rElec  .         Dismiss  .     (no cloak)
rCorr  .         Reflect  .     (no gloves)
SustAt +         Harm     .     (no boots)
MR     .....                    (no amulet)
Stlth  ..........               u - ring of sustain attributes
                                j - ring of poison resistance

@: exhausted, slowed, very slow, not resistant to hostile enchantments,
extremely unstealthy
A: retaliatory headbutt, horns 2, blink
a: Blink, Berserk, Trog's Hand, Burn Spellbooks, Renounce Religion


You were on level 4 of the Dungeon.
You worshipped Trog.
Trog was most pleased with you.
You were not hungry.

You visited 1 branch of the dungeon, and saw 4 of its levels.

You collected 150 gold pieces.

Inventory:

Hand Weapons
 a - a +0 hand axe (weapon) {m}
 f - a cursed -2 dagger
Armour
 b - a +0 animal skin
 g - a +0 leather armour
 l - a cursed +0 ring mail
 n - a +0 ring mail
 r - a +0 leather armour
 v - a +0 ring mail
 y - a +0 scale mail (worn)
Jewellery
 j - a ring of poison resistance (left hand)
 u - a ring of sustain attributes (right hand)
 w - an uncursed ring of ice
Wands
 q - a wand of flame (14/48)
Scrolls
 p - a scroll of noise
 s - 2 scrolls of identify
 t - a scroll of teleportation
 x - a scroll of enchant armour {unknown}
 A - a scroll of random uselessness {unknown}
 C - a scroll of immolation {unknown}
Potions
 d - a potion of mutation
 e - a potion of might {unknown}
 h - a potion of haste
 i - a potion of magic {unknown}
 k - 2 potions of curing {unknown}
 o - 2 potions of agility
 z - a potion of ambrosia {unknown}
Comestibles
 c - 3 bread rations


   Skills:
 + Level 5.5 Fighting
 + Level 5.3 Axes
 + Level 3.7 Armour
 + Level 4.9 Dodging
 + Level 0.8 Stealth


You had 5 spell levels left.
You didn't know any spells.

Dungeon Overview and Level Annotations

Branches:
Dungeon (4/15)
 Temple: D:4-7

Altars:
Elyvilon
Gozag
Ru

Annotations:
D:4 Blork the orc


Innate Abilities, Weirdness & Mutations

You reflexively headbutt those who attack you in melee.
You have a pair of horns on your head.
You can translocate small distances at will.


Message History

You hear some strange, mumbled words.
A puff of frost appears from out of thin air!
The puff of frost hits you!
* * * LOW HITPOINT WARNING * * *
Unknown command.
There is a strange disturbance nearby!
Something hits you but does no damage. Something hits you.
* * * LOW HITPOINT WARNING * * *
You hear some strange, mumbled words.
A puff of flame appears from out of thin air!
The puff of flame hits you!
* * * LOW HITPOINT WARNING * * *
Something barely misses you. Something hits you.
* * * LOW HITPOINT WARNING * * *
Something hits you.
* * * LOW HITPOINT WARNING * * *
You hear some strange, mumbled words.
A puff of flame appears from out of thin air!
The puff of flame hits you!
You die...

####### ......# #
#####.# .# #####.#
###########.##
...##.#
#........#...##
##)##.# #.#
#.......# #.##.#
###.#####..#...##
##.##.#
#....@............
......#
#.#.#####$.##.####
.....## #.#.#####..#
# ##.#.#
#.#........# ##.#.#
#.#........# ...#.#
#..########. .###.#
##..## ..
..##.########...####
..
...................+


There were no monsters in sight!

Vanquished Creatures
  The ghost of M4edhros the Sneak, an amateur OpAr (D:4)
  2 orc priests
  An orc wizard (D:4)
  An iguana (D:3)
  A worker ant (D:4)
  A gnoll (D:1)
  3 adders
  5 orcs
  9 bats
  3 giant cockroaches
  9 goblins
  7 hobgoblins
  6 kobolds
  A ball python (D:1)
  A giant gecko (D:1)
  A giant gecko skeleton (D:4)
  8 giant newts
  14 rats
74 creatures vanquished.

Notes
Turn   | Place    | Note
--------------------------------------------------------------
     0 | D:1      | dannynannady the Minotaur Berserker began the quest for the Orb.
     0 | D:1      | Reached XP level 1. HP: 19/19 MP: 0/0
   181 | D:1      | Reached XP level 2. HP: 2/27 MP: 1/1
   526 | D:1      | Reached skill level 4 in Fighting
  1111 | D:2      | Reached XP level 3. HP: 30/33 MP: 2/2
  1119 | D:2      | Reached ** piety under Trog
  1412 | D:2      | Gained mutation: You can translocate small distances at will. [potion of mutation]
  1412 | D:2      | Gained mutation: You have sharp toenails. [potion of mutation]
  1412 | D:2      | Lost mutation: You have sharp toenails. [potion of mutation]
  1413 | D:2      | Upgraded the game from 0.18-a0-900-gbbf5c82 to 0.18-a0-912-g81d1dc4
  1578 | D:2      | Found a sacrificial altar of Ru.
  1729 | D:2      | Found a white marble altar of Elyvilon.
  1729 | D:2      | Found an opulent altar of Gozag.
  1995 | D:2      | Reached XP level 4. HP: 37/41 MP: 3/3
  2253 | D:3      | Found a faded altar to an unknown god.
  2364 | D:3      | Reached XP level 5. HP: 27/47 MP: 4/4
  2652 | D:3      | Reached *** piety under Trog
  3252 | D:4      | Reached skill level 5 in Fighting
  3253 | D:4      | Noticed M4edhros's ghost (amateur OpAr)
  3254 | D:4      | Reached skill level 5 in Axes
  3589 | D:4      | Killed M4edhros's ghost
  3589 | D:4      | Reached XP level 6. HP: 56/56 MP: 5/5
  3592 | D:4      | Noticed Blork the orc
  3612 | D:4      | Killed from afar by Blork the orc

Vault maps used:
D:1:      sevenhm_arrival_forest_fort_small_4
D:2:      gammafunk_temple_overflow_forgotten, minmay_surrounded
D:3:      ecumenical_altar_2
D:4:      minmay_temple_entry_poolview, uniq_blork_the_orc

Action                   |  1- 3 |  4- 6 || total
-------------------------+-------+-------++-------
Melee: Hand axe          |    85 |    75 ||   160
Invok: Berserk           |     1 |     4 ||     5
       Trog's Hand       |       |     2 ||     2
  Use: Potion            |     2 |     1 ||     3
       Scroll            |       |     4 ||     4
  Eat: Chunk             |     4 |     5 ||     9
       Meat ration       |       |     1 ||     1
       Beef jerky        |       |     1 ||     1
